ESL (28 & UNDER)
READING RAINBOWS @ BUFFALO LIGHTSABRES
04/23/2027
 
TOP OF THE 1ST
Reading Rainbows batting - Pitching for Buffalo LightSabres : RHP Jorge Madrigal
Pitching: RHP Jorge Madrigal
Batting: LHB Alfonso Ruíz 0-0: Called Strike
0-1: Ball
1-1: Fly out, F7 (Flyball, 78S)
Batting: RHB Von Ford 0-0: Ball
1-0: Ball
2-0: Foul Ball, location: 2F
2-1: Swinging Strike
2-2: Ball
3-2: Strikes out swinging
Batting: RHB Germano Labrego 0-0: Foul Ball, location: 2F
0-1: Ball
1-1: Fly out, F7 (Flyball, 78M)
Top of the 1st over - 0 run(s), 0 hit(s), 0 error(s), 0 left on base; Reading 0 - Buffalo 0
BOTTOM OF THE 1ST
Buffalo LightSabres batting - Pitching for Reading Rainbows : LHP Armando Rodríguez
Pitching: LHP Armando Rodríguez
Batting: RHB Alfredo Villegas 0-0: Called Strike
0-1: Ball
1-1: Ground out 6-3 (Groundball, 6)
Batting: RHB José Pérez 0-0: Ball
1-0: Swinging Strike
1-1: Ground out 5-3 (Groundball, 5S)
Batting: SHB Javier Jiménez 0-0: Ball
1-0: Foul Ball, location: 2F
1-1: Foul Ball, location: 2F
1-2: Foul Ball, location: 2F
1-2: Strikes out swinging
Bottom of the 1st over - 0 run(s), 0 hit(s), 0 error(s), 0 left on base; Reading 0 - Buffalo 0
TOP OF THE 2ND
Reading Rainbows batting - Pitching for Buffalo LightSabres : RHP Jorge Madrigal
Batting: RHB Albert Lutz 0-0: Called Strike
0-1: SINGLE (Line Drive, 56)
Batting: RHB Joe Land 0-0: Ball
1-0: Called Strike
1-1: Ball
2-1: Foul Ball, location: 2F
2-2: Ball
3-2: Base on Balls
Albert Lutz to second
Batting: LHB John Hudson 0-0: Ball
1-0: Ball
2-0: Foul Ball, location: 2F
2-1: Ball
3-1: Swinging Strike
3-2: Ground out 3-1 (Groundball, 34)
Albert Lutz to third
Joe Land to second
Batting: RHB Richard Case 0-0: Ball
1-0: Called Strike
1-1: Foul Ball, location: 2F
1-2: 3-RUN HOME RUN (Line Drive, 78XD), Distance : 423 ft
Batting: RHB Tim Davis 0-0: Ball
1-0: Called Strike
1-1: Swinging Strike
1-2: Strikes out looking
Batting: RHB Louis Smith 0-0: Called Strike
0-1: Ball
1-1: Swinging Strike
1-2: Strikes out swinging
Top of the 2nd over - 3 run(s), 2 hit(s), 0 error(s), 0 left on base; Reading 3 - Buffalo 0
BOTTOM OF THE 2ND
Buffalo LightSabres batting - Pitching for Reading Rainbows : LHP Armando Rodríguez
Batting: LHB Zack Payton 0-0: Ball
1-0: Ball
2-0: Ball
3-0: Called Strike
3-1: Ground out 6-3 (Groundball, 6)
Batting: RHB Donato Gozende 0-0: Called Strike
0-1: Ball
1-1: Ball
2-1: Ball
3-1: Foul Ball, location: 2F
3-2: Base on Balls
Batting: RHB Jorge Castillo 0-0: Ball
1-0: SINGLE (Groundball, 6MD)
Donato Gozende to second
Batting: RHB Júlio López 0-0: Ball
1-0: DOUBLE (Line Drive, 89M)
Donato Gozende scores
Jorge Castillo to third
Batting: RHB Manuel Cintrón 0-0: Foul Ball, location: 2F
0-1: Foul Ball, location: 2F
0-2: Ball
1-2: Strikes out swinging
Batting: RHB Armando Gusmán 0-0: Swinging Strike
0-1: Ball
1-1: Swinging Strike
1-2: Strikes out looking
Bottom of the 2nd over - 1 run(s), 2 hit(s), 0 error(s), 2 left on base; Reading 3 - Buffalo 1
TOP OF THE 3RD
Reading Rainbows batting - Pitching for Buffalo LightSabres : RHP Jorge Madrigal
Batting: LHB Alfonso Ruíz 0-0: Called Strike
0-1: Swinging Strike
0-2: Ball
1-2: Ball
2-2: Strikes out swinging
Batting: RHB Von Ford 0-0: Called Strike
0-1: Swinging Strike
0-2: Ball
1-2: Fly out, F3 (Popup, 3)
Batting: RHB Germano Labrego 0-0: Called Strike
0-1: Ball
1-1: Called Strike
1-2: Ball
2-2: Foul Ball, location: 2F
2-2: Foul Ball, location: 2F
2-2: Ball
3-2: Base on Balls
Batting: RHB Albert Lutz 0-0: Ground out 4-3 (Groundball, 4MS)
Top of the 3rd over - 0 run(s), 0 hit(s), 0 error(s), 1 left on base; Reading 3 - Buffalo 1
BOTTOM OF THE 3RD
Buffalo LightSabres batting - Pitching for Reading Rainbows : LHP Armando Rodríguez
Batting: RHB Alfredo Villegas 0-0: Fly out, F7 (Flyball, 7S)
Batting: RHB José Pérez 0-0: Ground out 6-3 (Groundball, 6)
Batting: SHB Javier Jiménez 0-0: Ball
1-0: Swinging Strike
1-1: Ball
2-1: Ball
3-1: Fly out, F8 (Flyball, 78S)
Bottom of the 3rd over - 0 run(s), 0 hit(s), 0 error(s), 0 left on base; Reading 3 - Buffalo 1
TOP OF THE 4TH
Reading Rainbows batting - Pitching for Buffalo LightSabres : RHP Jorge Madrigal
Batting: RHB Joe Land 0-0: Ball
1-0: Called Strike
1-1: Ball
2-1: SINGLE (Groundball, 34D)
Batting: LHB John Hudson 0-0: Called Strike
0-1: Ball
1-1: Ball
2-1: Foul Ball, location: 2F
2-2: Ball
3-2: DOUBLE (Line Drive, 9LM)
Joe Land to third
Runner from 3rd tries for Home, SAFE, no throw
Batting: RHB Richard Case 0-0: Called Strike
0-1: Foul Ball, location: 2F
0-2: Strikes out swinging
Batting: RHB Tim Davis 0-0: Ball
1-0: Foul Ball, location: 2F
1-1: Fly out, F9 (Flyball, 89M)
Runner from 2nd tags up, SAFE at 3rd with throw
Batting: RHB Louis Smith 0-0: Ball
1-0: Called Strike
1-1: Called Strike
1-2: Ball
2-2: Foul Ball, location: 2F
2-2: Foul Ball, location: 2F
2-2: Ball
3-2: Foul Ball, location: 2F
3-2: Base on Balls
Pitching: RHP Ángel Uribe
Batting: LHB Alfonso Ruíz 0-0: Called Strike
0-1: Ball
1-1: Ball
2-1: SINGLE (Groundball, 56S) (infield hit)
John Hudson scores
Louis Smith to second
Batting: RHB Von Ford 0-0: Foul Ball, location: 2F
0-1: Ball
1-1: Single, Error in OF, E8, batter to second base
Louis Smith scores
Alfonso Ruíz to third
Batting: RHB Germano Labrego 0-0: Foul Ball, location: 2F
0-1: Foul Ball, location: 2F
0-2: Strikes out looking
Top of the 4th over - 3 run(s), 4 hit(s), 1 error(s), 2 left on base; Reading 6 - Buffalo 1
BOTTOM OF THE 4TH
Buffalo LightSabres batting - Pitching for Reading Rainbows : LHP Armando Rodríguez
Batting: LHB Zack Payton 0-0: SINGLE (Line Drive, 8LS)
Batting: RHB Donato Gozende 0-0: Foul Ball, location: 2F
0-1: Ball
Wild Pitch!
Zack Payton to second
1-1: Called Strike
1-2: Strikes out looking
Batting: RHB Jorge Castillo 0-0: Foul Ball, location: 2F
0-1: Called Strike
0-2: Strikes out swinging
Batting: RHB Júlio López 0-0: Swinging Strike
0-1: Foul Ball, location: 2F
0-2: Ball
1-2: Ground out U3 (Groundball, 34S)
Bottom of the 4th over - 0 run(s), 1 hit(s), 0 error(s), 1 left on base; Reading 6 - Buffalo 1
TOP OF THE 5TH
Reading Rainbows batting - Pitching for Buffalo LightSabres : RHP Ángel Uribe
Batting: RHB Albert Lutz 0-0: Called Strike
0-1: Ground out 6-3 (Groundball, 6)
Batting: RHB Joe Land 0-0: Swinging Strike
0-1: Called Strike
0-2: Ball
1-2: Ball
2-2: Strikes out swinging
Batting: LHB John Hudson 0-0: Called Strike
0-1: Called Strike
0-2: Foul Ball, location: 2F
0-2: Strikes out swinging
Top of the 5th over - 0 run(s), 0 hit(s), 0 error(s), 0 left on base; Reading 6 - Buffalo 1
BOTTOM OF THE 5TH
Buffalo LightSabres batting - Pitching for Reading Rainbows : LHP Armando Rodríguez
Batting: RHB Manuel Cintrón 0-0: Ball
1-0: Foul Ball, location: 2F
1-1: Foul Ball, location: 2F
1-2: Strikes out swinging
Batting: RHB Armando Gusmán 0-0: Foul Ball, location: 2F
0-1: Ball
1-1: Ball
2-1: Foul Ball, location: 2F
2-2: Foul Ball, location: 2F
2-2: Strikes out swinging
Batting: RHB Alfredo Villegas 0-0: Ball
1-0: Swinging Strike
1-1: Ball
2-1: Ball
3-1: Called Strike
3-2: Ground out 5-3 (Groundball, 56S)
Bottom of the 5th over - 0 run(s), 0 hit(s), 0 error(s), 0 left on base; Reading 6 - Buffalo 1
TOP OF THE 6TH
Reading Rainbows batting - Pitching for Buffalo LightSabres : RHP Ángel Uribe
Batting: RHB Richard Case 0-0: Ball
1-0: Ground out 5-3 (Groundball, 5L)
Batting: RHB Tim Davis 0-0: SINGLE (Groundball, 6D)
Batting: RHB Louis Smith 0-0: Foul Ball, location: 2F
0-1: Foul Ball, location: 2F
0-2: Strikes out swinging
Batting: LHB Alfonso Ruíz 0-0: Swinging Strike
0-1: SINGLE (Groundball, 6MD)
Tim Davis to second
Runner from 2nd tries for 3rd, SAFE, no throw
Batting: RHB Von Ford 0-0: Ball
1-0: Foul Ball, location: 2F
1-1: Foul Ball, location: 2F
1-2: Fly out, F5 (Popup, 56S)
Top of the 6th over - 0 run(s), 2 hit(s), 0 error(s), 2 left on base; Reading 6 - Buffalo 1
BOTTOM OF THE 6TH
Buffalo LightSabres batting - Pitching for Reading Rainbows : LHP Armando Rodríguez
Batting: RHB José Pérez 0-0: Ball
1-0: Called Strike
1-1: Ball
2-1: Foul Ball, location: 2F
2-2: Foul Ball, location: 2F
2-2: Ground out 6-3 (Groundball, 6)
Batting: SHB Javier Jiménez 0-0: Called Strike
0-1: Foul Ball, location: 2F
0-2: Ball
1-2: Ball
2-2: SINGLE (Flyball, 78S)
Batting: LHB Zack Payton 0-0: Ground out U3 (Groundball, 23)
Javier Jiménez to second
Pitching: RHP Chris Lee
Batting: RHB Donato Gozende 0-0: Ball
1-0: Foul Ball, location: 2F
1-1: Foul Ball, location: 2F
1-2: Strikes out swinging
Bottom of the 6th over - 0 run(s), 1 hit(s), 0 error(s), 1 left on base; Reading 6 - Buffalo 1
TOP OF THE 7TH
Reading Rainbows batting - Pitching for Buffalo LightSabres : RHP Ángel Uribe
Batting: RHB Germano Labrego 0-0: Foul Ball, location: 2F
0-1: DOUBLE (Line Drive, 8LD)
Batting: RHB Albert Lutz 0-0: Foul Ball, location: 2F
0-1: Called Strike
0-2: Ground out 6-3 (Groundball, 6S)
Germano Labrego to third
Batting: RHB Joe Land 0-0: Ball
1-0: Ground out 1-3 (Groundball, 13)
Batting: LHB John Hudson 0-0: Called Strike
0-1: Foul Ball, location: 2F
0-2: Foul Ball, location: 2F
0-2: Strikes out looking
Top of the 7th over - 0 run(s), 1 hit(s), 0 error(s), 1 left on base; Reading 6 - Buffalo 1
BOTTOM OF THE 7TH
Buffalo LightSabres batting - Pitching for Reading Rainbows : RHP Chris Lee
Batting: RHB Jorge Castillo 0-0: Foul Ball, location: 2F
0-1: Ground out 6-3 (Groundball, 56)
Batting: RHB Júlio López 0-0: Ball
1-0: Ball
2-0: Ground out 4-3 (Groundball, 4D)
Batting: RHB Manuel Cintrón 0-0: Ball
1-0: Called Strike
1-1: Ball
2-1: Fly out, F7 (Flyball, 7S)
Bottom of the 7th over - 0 run(s), 0 hit(s), 0 error(s), 0 left on base; Reading 6 - Buffalo 1
TOP OF THE 8TH
Reading Rainbows batting - Pitching for Buffalo LightSabres : RHP Ángel Uribe
Pitching: RHP Travis Whitney
Batting: RHB Richard Case 0-0: Ball
1-0: Foul Ball, location: 2F
1-1: Called Strike
1-2: SOLO HOME RUN (Flyball, 7D), Distance : 371 ft
Batting: RHB Tim Davis 0-0: Foul Ball, location: 2F
0-1: Called Strike
0-2: Ground out 1-3 (Groundball, 13S)
Batting: RHB Louis Smith 0-0: Called Strike
0-1: Ball
1-1: Foul Ball, location: 2F
1-2: Ball
2-2: Strikes out looking
Batting: LHB Alfonso Ruíz 0-0: Foul Ball, location: 2F
0-1: Swinging Strike
0-2: Ball
1-2: Ball
2-2: Ball
3-2: Strikes out swinging
Top of the 8th over - 1 run(s), 1 hit(s), 0 error(s), 0 left on base; Reading 7 - Buffalo 1
BOTTOM OF THE 8TH
Buffalo LightSabres batting - Pitching for Reading Rainbows : RHP Chris Lee
Batting: RHB Armando Gusmán 0-0: Called Strike
0-1: Foul Ball, location: 2F
0-2: Ball
1-2: Foul Ball, location: 2F
1-2: Strikes out swinging
Batting: RHB Alfredo Villegas 0-0: Ground out 6-3 (Groundball, 6)
Batting: RHB José Pérez 0-0: Called Strike
0-1: Ball
1-1: DOUBLE (Line Drive, 7LD)
Batting: SHB Javier Jiménez 0-0: Called Strike
0-1: Ball
1-1: Foul Ball, location: 2F
1-2: Foul Ball, location: 2F
1-2: Ball
2-2: Ball
3-2: SINGLE (Flyball, 78S)
José Pérez to third
José Pérez scores
Batting: LHB Zack Payton 0-0: Foul Ball, location: 2F
0-1: Ball
1-1: Fielders Choice at 2nd, 5-4 (Groundball, 56)
Bottom of the 8th over - 1 run(s), 2 hit(s), 0 error(s), 0 left on base; Reading 7 - Buffalo 2
TOP OF THE 9TH
Reading Rainbows batting - Pitching for Buffalo LightSabres : RHP Travis Whitney
Batting: RHB Von Ford 0-0: Hit by Pitch
Batting: RHB Germano Labrego 0-0: Ball
1-0: Ball
2-0: Foul Ball, location: 2F
2-1: Ball
3-1: Base on Balls
Von Ford to second
Batting: RHB Albert Lutz 0-0: Called Strike
0-1: Ball
1-1: Ball
2-1: Ball
3-1: Base on Balls
Von Ford to third
Germano Labrego to second
Batting: RHB Joe Land 0-0: Ball
1-0: Swinging Strike
1-1: Foul Ball, location: 2F
1-2: Ball
2-2: Ball
3-2: Strikes out swinging
Batting: LHB John Hudson 0-0: Swinging Strike
0-1: Foul Ball, location: 2F
0-2: Ball
1-2: Ball
2-2: Strikes out swinging
Batting: RHB Richard Case 0-0: Ball
1-0: Ball
2-0: Ball
3-0: Base on Balls
Von Ford scores
Germano Labrego to third
Albert Lutz to second
Batting: RHB Tim Davis 0-0: Called Strike
0-1: Ball
1-1: Ground out 4-3 (Groundball, 34)
Top of the 9th over - 1 run(s), 0 hit(s), 0 error(s), 3 left on base; Reading 8 - Buffalo 2
BOTTOM OF THE 9TH
Buffalo LightSabres batting - Pitching for Reading Rainbows : RHP Chris Lee
Batting: RHB Donato Gozende 0-0: Called Strike
0-1: Called Strike
0-2: Ground out 1-3 (Groundball, P)
Batting: RHB Jorge Castillo 0-0: Ball
1-0: Ball
2-0: Called Strike
2-1: Foul Ball, location: 2F
2-2: Ground out 4-3 (Groundball, 34)
Batting: RHB Júlio López 0-0: Foul Ball, location: 2F
0-1: Ball
1-1: Ground out 5-3 (Groundball, 5)
Bottom of the 9th over - 0 run(s), 0 hit(s), 0 error(s), 0 left on base; Reading 8 - Buffalo 2
Thursday, March 30th, 2017 - OOTP Baseball 17.12 Build 75